 Dungeon Sprint DCSS version bcrawl-1.14.2-1-gc900083943 (webtiles) character file.

Game seed: 7094711330744799941

21 MordorOrchid the Magician (level 2, -4/18 HPs)
             Began as a Skeleton Fire Elementalist on Sept 22, 2019.
             Slain by an orc
             ... wielding a +0 trident
              (6 damage)
             ... in the Dungeon (Sprint IX: "|||||||||||||||||||||||||||||").
             The game lasted 00:01:30 (174 turns).

MordorOrchid the Magician (SkFE)                     Turns: 174, Time: 00:01:31

Health: -4/18      AC:  2    Str: 14    XL:     2   Next: 62%
Magic:  0/8        EV: 12    Int: 13    God:
Gold:   0          SH:  0    Dex:  9    Spells: 11/12 levels left

rFire    . . .     SeeInvis .   b - +0 club
rCold    + . .     Gourm    .   (no shield)
rNeg     + + +     Faith    .   a - +0 robe
rPois    ∞         Spirit   +   (no helmet)
rElec    .         Reflect  .   (no cloak)
rCorr    .         Harm     .   (no gloves)
MR       .....     NoTele   +   (no boots)
Stlth    ++........             (no amulet)
HPRegen  0.06/turn              (no ring)
MPRegen  0.11/turn              (no ring)

@: very slightly contaminated
A: no food or potions, cold resistance 1, deterioration 1, negative energy
resistance 3, torment resistance, unbreathing, magic shield, sturdy frame 1,
spell healing
a: no special abilities


You were in the Dungeon.
You were not hungry.

You visited 1 branch

Inventory:

Hand Weapons
 b - a +0 club (weapon)
Armour
 a - a +0 robe (worn)
Scrolls
 c - a scroll of blinking


   Skills:
 * Level 2.5 Fighting
 - Level 2.0 Dodging
 - Level 2.4 Stealth
 * Level 5.6 Spellcasting
 * Level 2.1 Conjurations
 + Level 3.6 Fire Magic


You had 11 spell levels left.
You knew the following spells:

 Your Spells              Type           Power        Failure   Level  Hunger
a - Flame Tongue          Conj/Fire      ##...        5%          1    N/A

Your spell library contained the following spells:

 Spells                   Type           Power        Failure   Level  Hunger
 Flaming Arrows           Chrm/Fire      #.......     12%         2    N/A
 Conjure Flame            Conj/Fire      ##......     16%         3    N/A
 Inner Flame              Hex/Fire       N/A          24%         3    N/A
 Sticky Flame             Conj/Fire      ##......     47%         4    N/A
 Fireball                 Conj/Fire      ##........   83%         5    N/A

Dungeon Overview and Level Annotations

Branches:
Dungeon (1/1)

Altars:


Innate Abilities, Weirdness & Mutations

You do not eat or drink.
You are immune to poison.
Your flesh is cold resistant. (rC+)
Your body sometimes deteriorates upon taking damage.
You are immune to negative energy. (rN+++)
You are immune to unholy pain and torment.
You can survive without breathing.
When hurt, damage is shared between your health and your magic reserves.
Your movements are slightly less encumbered by armour. (ER -2)
Casting spells heals you.


Message History

You don't have enough magic to cast that spell.
Unknown command.
There is an open door to the Dungeon here.
You see here a goblin skeleton.
You close the door, pushing everything out of the way.
You see here a goblin skeleton.
An orc opens the door.
You close the door.
An orc opens the door.
The orc hits you from afar with a +0 trident.
* * * LOW HITPOINT WARNING * * *
You close the door.
There's nothing to close nearby.
There's nothing to close nearby.
An orc opens the door.
The orc barely misses you.
You close the door.
There's nothing to close nearby.
There's nothing to close nearby.
An orc opens the door.
The orc hits you from afar with a +0 trident.
You die...

▓.▓
▓)▓
▓.▓
▓.▓
▓.▓
▓.▓
▓o▓
▓'▓
▓@▓
▓.▓
▓†▓
▓<▓
▓▓▓


You could see an orc.

Vanquished Creatures
  An adder (D)
  A dart slug (D)
  An orc (D)
  A bat skeleton (D)
  A bat zombie (D)
  A goblin (D)
  A jackal (D)
  A bat (D)
  A frilled lizard (D)
9 creatures vanquished.

Notes
Turn   | Place    | Note
-------+----------+-------------------------------------------
     0 | D        | MordorOrchid the Skeleton Fire Elementalist began the quest
                  | for the Orb.
     0 | D        | Reached XP level 1. HP: 10/10 MP: 4/4
     4 | D        | Reached skill level 1 in Fighting
    16 | D        | Reached skill level 4 in Spellcasting
   153 | D        | Reached skill level 5 in Spellcasting
   153 | D        | Reached XP level 2. HP: 17/17 MP: 5/8
   174 | D        | Slain by an orc

Skill      XL: |  1  2 |
---------------+-------+-----
Fighting       | 2 |  2.5
Spellcasting   | 5 |  5.6
Conjurations   | 2 |  2.1
Dodging        | |  2.0
Stealth        | |  2.4
Fire Magic     | |  3.6

Action                   || total
-------------------------++-------
Melee: Club              ||    18
 Cast: Flame Tongue      ||    11
Armor: Robe              ||    12
Dodge: Dodged            ||    34
